 Dungeon Crawl Stone Soup version 0.28.0-1-gb440e238dd (webtiles) character file.

Game seed: 9749688279943309329

6 a3don the Caller (level 1, 0/7 HPs)
             Began as a Felid Summoner on Feb 22, 2022.
             Slain by an endoplasm (3 damage)
             ... on level 1 of the Dungeon.
             The game lasted 00:00:42 (365 turns).

a3don the Caller (Felid Summoner)                    Turns: 365, Time: 00:00:42

Health: 0/7        AC:  1    Str:  4    XL:     1   Next: 75%
Magic:  3/4        EV: 17    Int: 16    God:
Gold:   18         SH:  0    Dex: 16    Spells: 3/4 levels left
                                        Lives:  0   Deaths: 0

rFire   . . .      SeeInvis +   (weapon unavailable)
rCold   . . .      Faith    .   (shield unavailable)
rNeg    . . .      Spirit   .   (armour unavailable)
rPois   .          Reflect  .   (helmet unavailable)
rElec   .          Harm     .   (cloak unavailable)
rCorr   .          Rampage  .   (gloves unavailable)
Will    .....                   (boots unavailable)
Stlth   ++........              (no amulet)
HPRegen 0.02/turn               (no ring)
MPRegen 0.09/turn               (no ring)

@: quick
A: very small, claws 1, fangs 3, see invisible, speed 1, shaggy fur 1, stealthy
paws, no weapons or thrown items, no armour, multi-lived
a: no special abilities


You were on level 1 of the Dungeon.
You visited 1 branch of the dungeon, and saw 1 of its levels.

You collected 18 gold pieces.

You aren't carrying anything.


   Skills:
 + Level 2.9 Dodging
 + Level 3.0 Stealth
 + Level 2.1 Spellcasting
 + Level 4.0 Summonings


You had 3 spell levels left.
You knew the following spells:

 Your Spells              Type           Power      Damage    Failure   Level
a - Summon Small Mammal   Summ           56%        N/A       3%          1

Your spell library contained the following spells:

 Spells                   Type           Power      Damage    Failure   Level
 Call Imp                 Summ           14%        N/A       6%          2
 Call Canine Familiar     Summ           14%        N/A       12%         3
 Summon Guardian Golem    Hex/Summ       8%         N/A       26%         3
 Summon Lightning Spire   Summ/Air       8%         N/A       65%         4


Dungeon Overview and Level Annotations

Branches:
Dungeon (1/15)

Altars:


Innate Abilities, Weirdness & Mutations

You have sharp claws.
You have razor-sharp teeth.
You have supernaturally acute eyesight. (SInv)
You cover ground quickly. (Speed+)
You are covered in fur. (AC +1)
Your paws help you pounce on unaware monsters.
You are incapable of wielding weapons or throwing items.
You cannot wear armour.
You gain extra lives every three experience levels.


Message History

A ball python comes into view.
Casting: Summon Small Mammal (safe; 3% risk of failure)
Confirm with . or Enter, or press ? or * to list all spells.
The ball python hisses angrily.
Casting: Summon Small Mammal (safe; 3% risk of failure)
Confirm with . or Enter, or press ? or * to list all spells.
The ball python closely misses you. The ball python grabs you.
The ball python constricts you.
Your quokka bites the ball python.
The ball python dies!
Your Stealth skill increases to level 3!
HP restored.
You swap places.
Found a ring mail.
A rat and an endoplasm come into view.
There are monsters nearby!
Casting: Summon Small Mammal (safe; 3% risk of failure)
Confirm with . or Enter, or press ? or * to list all spells.
Your quokka disappears in a puff of smoke!
Your rat bites the endoplasm.
The endoplasm quivers.
The endoplasm hits your rat.
You swap places.
Your rat bites the endoplasm but does no damage.
The endoplasm hits your rat.
Your rat dies!
Your rat's corpse disappears in a puff of smoke!
Your rat barely misses the rat.
The rat completely misses your rat.
Your rat bites the endoplasm but does no damage.
The rat barely misses your rat.
You barely miss the endoplasm.
The endoplasm is lightly wounded.
Your rat disappears in a puff of smoke!
The endoplasm freezes you.
You are frozen.
Ouch! That really hurt!
Unknown command.
Casting: Summon Small Mammal (safe; 3% risk of failure)
Confirm with . or Enter, or press ? or * to list all spells.
The endoplasm hits you.
You die...

####.##
###############......
#.....r.........#####
###..############ ##
##.# #. #.# ## #.# #
#b# . #@###### ..
#.J.r..# ...
######....... ....
#..###...... ...!
.##[. # .. # . .. .
...


You could see an endoplasm (ally target), a rat and a friendly bat (summoned).

Vanquished Creatures
  A bat (D:1)
  A rat (D:1)
2 creatures vanquished.

Vanquished Creatures (collateral kills)
  A bat (D:1)
  An endoplasm (D:1)
  2 ball pythons (D:1)
  A rat (D:1)
5 creatures vanquished.

Grand Total: 7 creatures vanquished

Notes
Turn   | Place    | Note
-------+----------+-------------------------------------------
     0 | D:1      | a3don the Felid Summoner began the quest for the Orb.
     0 | D:1      | Reached XP level 1. HP: 7/7 MP: 4/4
   365 | D:1      | Slain by an endoplasm

Illustrated notes

Levels and vault maps discovered:
D:1:      grunt_arrival_crossed_arrows, layout_rooms, basic_ecumenical_altar,
          minmay_misc_feat_x, minmay_pentomino_s2

Skill      XL: |  1 |
---------------+----+-----
Stealth        | 3 |  3.0
Dodging        | |  2.9
Spellcasting   | |  2.1
Summonings     | |  4.0

Action                   || total
-------------------------++-------
Melee: Unarmed           ||     7
       Bite              ||     1
 Cast: Summon Small Mamm ||    13
Armor: Skin              ||     2
Dodge: Dodged            ||     8
